Map: Old Republic LE

Players

Dragoblue - Winner!

  • Race: Protoss Protoss
  • League: Diamond
  • Spawn Location: 7:00

HoldTheDoor

  • Race: Protoss Protoss
  • League: Diamond
  • Spawn Location: 1:00

VOD

Have the link to the VOD?

Description

Time

  • Played on: May 25, 2026, 10:19 a.m.
  • Length: 13:32
Show
View Real Time Build Order
Export as new Build Order

Dragoblue Protoss - Winner!

Build Orders:  

Get SALT Encoding   

  12  0:00  Probe  
  13  0:12  Probe  
  14  0:19  Pylon  
  14  0:26  Probe  
  15  0:35  Probe  
  15  0:38  Gateway  
  16  0:43  Probe  
  16  0:49  Assimilator  
  17  0:52  Probe  
  18  0:59  Assimilator  
  18  1:04  Probe  
  19  1:14  Pylon  
  19  1:16  Probe  
  20  1:26  Pylon  
  20  1:30  Probe  
  21  1:34  Cybernetics Core  
  21  1:42  Probe  
  22  1:50  Gateway  
  22  1:58  Probe  
  22  1:59  Stalker  
  25  2:17  Robotics Facility, Warp Gate  
  25  2:28  Stalker, Pylon  
  27  2:53  Nexus  
  27  3:02  Stalker  
  27  3:03  Sentry  
  31  3:15  Shield Battery  
  31  3:16  Probe  
  32  3:21  Observer  
  32  3:25  Pylon  
  33  3:32  Stalker  
  33  3:37  Probe  
  36  3:41  Stalker  
  38  3:49  Probe  
  39  3:59  Probe  
  40  4:02  Probe  
  40  4:06  Twilight Council  
  40  4:07  Probe  
  41  4:11  Probe  
  41  4:18  Probe  
  41  4:20  Probe  
  42  4:35  Charge  
  42  4:42  Stalker x2  
  46  4:49  Probe x2  
  48  4:59  Assimilator  
  48  5:01  Assimilator, Probe x2  
  50  5:13  Warp Prism  
  52  5:24  Probe x2  
  53  5:31  Stalker x2  
  57  5:36  Probe x2  
  57  5:38  Pylon  
  57  5:41  Gateway  
  59  5:44  Gateway  
  59  5:49  Observer  
  60  6:00  Probe x2  
  62  6:17  Probe x2  
  64  6:25  Nexus  
  64  6:26  Pylon  
  64  6:30  Stalker x2  
  68  6:34  Blink  
  68  6:45  Templar Archives, Pylon  
  68  6:46  Gateway  
  68  6:49  Probe  
  68  6:50  Probe  
  68  6:51  Gateway  
  70  7:01  Stalker x2  
  72  7:02  Zealot x2  
  72  7:04  Probe x2  
  80  7:19  Observer  
  80  7:21  Forge x2  
  81  7:24  Probe x2  
  83  7:32  Probe  
  83  7:33  Probe  
  83  7:35  Pylon  
  85  7:37  Observer  
  85  7:38  Pylon  
  85  7:43  Probe x2  
  86  7:44  Protoss Ground Weapons Level 1  
  86  7:46  Probe  
  86  7:47  Protoss Ground Armor Level 1  
  89  7:52  Nexus, Pylon  
  89  7:55  Probe x2  
  89  7:58  Probe  
  92  8:07  Probe x2  
  92  8:10  High Templar x2, Probe  
  99  8:14  Assimilator  
  99  8:18  Archon, Assimilator  
  99  8:23  Probe x3  
  102  8:31  Photon Cannon  
  102  8:33  Photon Cannon  
  102  8:36  Photon Cannon  
  102  8:37  High Templar  
  102  8:38  High Templar  
  106  8:42  Archon  
  106  8:51  Zealot x2  
  106  8:54  Zealot  
  106  8:55  Zealot  
  114  9:03  Probe x2  
  114  9:04  Probe  
  117  9:17  Probe x2  
  117  9:18  Probe x2  
  117  9:21  High Templar  
  117  9:22  High Templar x3  
  129  9:26  Archon x2  
  129  9:32  Gateway, Protoss Shields Level 1, Protoss Ground Weapons Level 2  
  129  9:38  Gateway  
  129  9:40  Photon Cannon x2  
  129  9:50  Probe x4  
  133  9:54  Pylon  
  133  9:55  High Templar  
  133  9:56  Pylon  
  133  9:58  Pylon  
  135  10:06  Assimilator  
  135  10:08  Observer  
  135  10:10  Assimilator  
  136  10:14  High Templar  
  138  10:23  Gateway  
  138  10:25  Gateway  
  138  10:26  Observer  
  138  10:27  Gateway  
  139  10:28  Gateway  
  139  10:30  Gateway  
  139  10:32  Gateway  
  139  10:34  Gateway  
  139  10:37  Photon Cannon  
  139  10:42  Photon Cannon  
  139  10:43  Photon Cannon  
  139  10:45  Photon Cannon  
  139  10:48  Shield Battery  
  139  10:50  Probe x4, Shield Battery  
  139  10:53  Archon  
  139  10:54  High Templar  
  139  10:55  High Templar x4  
  153  11:04  Pylon  
  153  11:07  Pylon  
  153  11:09  Pylon  
  153  11:10  Pylon  
  153  11:14  Pylon  
  153  11:17  Pylon  
  153  11:18  Archon  
  153  11:19  Archon, Pylon  
  153  11:21  High Templar  
  153  11:22  Zealot x2  
  153  11:24  Pylon  
  153  11:25  Archon  
  159  11:31  Zealot  
  159  11:32  Zealot x7  
  174  11:33  Zealot  
  176  11:40  Zealot x2  
  176  11:41  Zealot  
  178  11:56  Zealot  
  178  11:57  Zealot x7  
  178  11:58  Zealot  
  165  12:20  High Templar  
  165  12:21  High Templar x10  
  163  12:25  Archon x5  
  134  12:47  Zealot  
  134  12:48  Zealot  
  134  12:53  Stalker  
  134  12:54  Stalker x4  
  134  12:55  Stalker  
Show
View Real Time Build Order
Export as new Build Order

HoldTheDoor Protoss 

Build Orders: Oracle Opening 

Get SALT Encoding   

  12  0:00  Probe  
  13  0:12  Probe  
  14  0:17  Pylon  
  14  0:23  Probe  
  15  0:31  Probe  
  16  0:38  Gateway  
  16  0:39  Probe  
  16  0:49  Assimilator  
  17  0:51  Probe  
  18  1:05  Probe  
  18  1:10  Assimilator  
  19  1:17  Probe  
  20  1:28  Cybernetics Core  
  20  1:29  Probe  
  21  1:41  Probe  
  22  1:48  Pylon  
  22  1:53  Probe  
  23  1:58  Warp Gate  
  23  2:00  Stalker  
  23  2:06  Probe  
  26  2:17  Stargate  
  26  2:18  Probe  
  26  2:20  Shield Battery, Stalker  
  27  2:29  Pylon  
  29  2:37  Probe  
  30  2:47  Stalker  
  30  2:50  Probe  
  33  2:56  Oracle  
  33  3:02  Probe  
  37  3:24  Nexus  
  37  3:25  Pylon  
  37  3:34  Gateway  
  37  3:48  Probe  
  42  3:52  Void Ray  
  42  3:59  Twilight Council  
  42  4:00  Probe  
  43  4:12  Probe  
  44  4:24  Probe  
  44  4:27  Charge  
  45  4:36  Probe  
  46  4:42  Zealot x2  
  46  4:44  Probe  
  55  4:46  Void Ray  
  55  4:49  Probe  
  56  4:57  Probe  
  56  4:59  Gateway  
  57  5:01  Probe  
  57  5:04  Gateway  
  58  5:08  Pylon  
  58  5:28  Probe, Nexus, Zealot  
  59  5:30  Zealot  
  63  5:39  Robotics Facility  
  63  5:42  Pylon, Probe  
  64  5:43  Probe  
  64  5:48  Pylon  
  65  5:54  Probe  
  65  5:55  Probe  
  65  5:56  Assimilator  
  67  5:59  Zealot  
  67  6:00  Zealot  
  71  6:06  Probe  
  71  6:07  Probe  
  73  6:12  Shield Battery  
  73  6:18  Forge, Probe  
  73  6:19  Probe  
  73  6:21  Pylon  
  75  6:29  Fleet Beacon  
  75  6:30  Probe  
  76  6:33  Protoss Ground Weapons Level 1  
  76  6:35  Assimilator  
  76  6:36  Pylon  
  76  6:37  Probe  
  77  6:40  Probe  
  77  6:43  Probe, Zealot  
  77  6:46  Zealot  
  83  6:49  Probe  
  83  6:50  Observer  
  83  6:52  Probe  
  86  6:56  Probe  
  86  7:01  Probe  
  88  7:04  Pylon, Probe  
  88  7:07  Photon Cannon  
  89  7:10  Photon Cannon  
  89  7:13  Pylon  
  89  7:15  Probe  
  90  7:16  Probe  
  90  7:17  Probe, Pylon  
  92  7:27  Probe  
  93  7:32  Immortal  
  97  7:40  Templar Archives  
  97  7:42  Sentry, Gateway  
  97  7:43  Sentry x3  
  105  7:44  Gateway  
  105  8:00  Photon Cannon  
  105  8:07  Gateway x2  
  105  8:09  Pylon, Zealot  
  105  8:10  Zealot x3  
  113  8:13  Probe x3  
  113  8:18  Protoss Ground Armor Level 1, Carrier  
  122  8:21  Observer  
  123  8:30  Zealot x4  
  129  9:06  High Templar x4  
  129  9:08  Zealot  
  129  9:09  Zealot x3, Nexus  
  145  9:11  Pylon  
  145  9:12  Archon x2  
  145  9:13  Pylon  
  145  9:15  Probe  
  145  9:16  Assimilator  
  146  9:17  Pylon  
  146  9:19  Pylon  
  146  9:29  Probe, Carrier  
  153  9:33  Assimilator  
  153  9:36  Photon Cannon  
  153  9:41  Zealot x4  
  153  9:42  Zealot x4  
  169  9:52  Pylon  
  169  9:53  Probe  
  169  9:54  Pylon  
  169  9:56  Pylon  
  169  9:57  Pylon  
  170  10:07  Protoss Ground Armor Level 2, High Templar  
  170  10:08  Protoss Air Weapons Level 1, High Templar  
  170  10:10  Zealot x3  
  170  10:11  Zealot x3  
  170  10:14  Archon  
  186  10:22  Probe x2  
  186  10:23  Warp Prism  
  190  10:34  Forge  
  190  10:42  Gateway  
  190  10:45  Gateway  
  190  10:47  Gateway  
  190  10:50  Probe  
  190  10:51  Probe x2, Gateway  
  193  10:57  High Templar  
  193  10:58  High Templar x2  
  193  11:02  Archon  
  195  12:02  Zealot x2  
  162  12:21  Zealot x5  
  162  12:22  Zealot x7  
  84  13:00  Zealot x2  
  84  13:01  Zealot x3  
  84  13:13  Stalker x4  
  84  13:14  Stalker x2  
  88  13:26  Stalker x5  
Tags
 
Matchup
PvP
Replay Pack
SC2Mai2026
Spawn Locations
Cross Positions
Add a new tag
Caveats
  • Supply blocks, unpowered buildings, or Contaminate may cause inaccurate times.
  • Supply counts are checked every 10 seconds.